 Dungeon Crawl Stone Soup version 0.29-a0-529-gfa20dd96a1 (webtiles) character file.

Game seed: 14672631217381737490

56 nrs142 the Skirmisher (level 3, -4/31 HPs)
             Began as a Palentonga Fighter on June 1, 2022.
             Blown up by Ijyb (22 damage)
             ... with a mindburst bolt
             ... on level 3 of the Dungeon.
             The game lasted 00:03:32 (2129 turns).

nrs142 the Skirmisher (Palentonga Fighter)          Turns: 2129, Time: 00:03:33

Health: -4/31      AC:  7    Str: 21    XL:     3   Next: 69%
Magic:  3/3        EV:  7    Int:  8    God:
Gold:   68         SH:  4    Dex:  9    Spells: 2/2 levels left

rFire   . . .      SeeInvis +   a - +0 war axe
rCold   . . .      Faith    .   c - +0 buckler
rNeg    . . .      Spirit   .   b - +0 scale mail
rPois   .          Reflect  .   f - +0 helmet
rElec   .          Harm     .   (no cloak)
rCorr   .          Rampage  .   (no gloves)
Will    .....                   (no barding)
Stlth   ..........              (no amulet)
HPRegen 0.10/turn               (no ring)
MPRegen 0.08/turn               (no ring)

@: no status effects
A: large, rugged brown scales 3, see invisible, deformed body, roll 1, armoured
tail
a: Rolling Charge


You were on level 3 of the Dungeon.
You visited 1 branch of the dungeon, and saw 3 of its levels.

You collected 68 gold pieces.

Inventory:

Hand Weapons
 a - a +0 war axe (weapon)
Armour
 b - a +0 scale mail (worn)
 c - a +0 buckler (worn)
 f - a +0 helmet (worn)
Wands
 r - a wand of flame (8)
Scrolls
 i - a scroll of teleportation {unknown}
 k - 5 scrolls of identify {unknown}
 l - 2 scrolls of fog {unknown}
 p - a scroll of enchant armour {unknown}
Potions
 d - 2 potions of might
 e - 2 potions of flight {unknown}
 g - a potion of curing
 h - a potion of lignification {unknown}
 j - a potion of invisibility {unknown}
 m - a potion of heal wounds {unknown}
 n - a potion of haste {unknown}
 o - a potion of ambrosia {unknown}
 q - a potion of degeneration {unknown}


   Skills:
 + Level 3.6 Fighting
 + Level 2.8 Axes
 + Level 2.6 Armour
 + Level 0.2 Dodging
 + Level 3.0 Shields


You had 2 spell levels left.
You didn't know any spells.
Your spell library was empty.

Dungeon Overview and Level Annotations

Branches:
Dungeon (3/15)

Altars:
Uskayaw

Annotations:
D:3 Ijyb


Innate Abilities, Weirdness & Mutations

You are completely covered in rugged brown scales. (AC +3, +7% HP)
You have supernaturally acute eyesight. (SInv)
Armour fits poorly on your strangely shaped body.
You can roll at nearby foes to attack.
You have a long armoured tail.


Message History

The ball python moves out of view.
No target in view!
The ball python bites you but does no damage.
You completely miss the ball python.
The ball python bites you but does no damage.
You block the ball python's attack.
You barely miss the ball python. The ball python barely misses you.
You hit the ball python.
The ball python is moderately wounded.
The ball python barely misses you. The ball python closely misses you.
You hit the ball python.
You kill the ball python!
No target in view!
You see here a ball python corpse.
Ijyb the Twisted Goblin comes into view.
She is wielding a +0 dagger and carrying a wand of mindburst (16).
Ijyb hits you but does no damage.
You hit Ijyb but do no damage.
Ijyb zaps a wand.
Your mind is blasted!
Ijyb hits you with a +0 dagger.
You barely miss Ijyb. You block Ijyb's attack.
You closely miss Ijyb. Ijyb completely misses you. Ijyb closely misses you.
You closely miss Ijyb. Ijyb hits you but does no damage.
You hit Ijyb but do no damage. You tail-slap Ijyb.
Ijyb is lightly wounded.
Ijyb hits you with a +0 dagger.
You hit Ijyb. You tail-slap Ijyb!
Ijyb is heavily wounded.
Ijyb zaps a wand.
Your mind is blasted!
* * * LOW HITPOINT WARNING * * *
You block Ijyb's attack.
You are too injured to fight recklessly!
You are too injured to fight recklessly!
It was a potion of curing.
You feel better. Ijyb hits you but does no damage.
You barely miss Ijyb.
Ijyb is heavily wounded.
You block Ijyb's attack.
You slash Ijyb!
Your tail-slap misses Ijyb.
Ijyb is almost dead.
Ijyb zaps a wand.
Your mind is blasted!
Ouch! That really hurt!
You die...

#..... ...^#
######...#
#...'#...##
#.#####...#
#.# #...##
#.# #.g..#
#.# #.@..#
#.# #....#
#.# #....#
#.# #....#
#.#####...##
#.##..†...#
#.##.##..##
#.##.#...#
##.##.#..##
#####


You could see Ijyb.

Vanquished Creatures
  2 worms
  6 ball pythons
  4 endoplasms (D:1)
  2 giant cockroaches (D:1)
  3 goblins
  5 hobgoblins
  4 jackals (D:2)
  3 kobolds
  3 quokkas
  7 bats
  2 frilled lizards
  6 rats (D:1)
47 creatures vanquished.

Notes
Turn   | Place    | Note
-------+----------+-------------------------------------------
     0 | D:1      | nrs142 the Palentonga Fighter began the quest for the Orb.
     0 | D:1      | Reached XP level 1. HP: 19/19 MP: 1/1
   307 | D:1      | Reached XP level 2. HP: 25/25 MP: 2/2
   965 | D:1      | Reached XP level 3. HP: 28/31 MP: 3/3
  1527 | D:2      | Found a hide-covered altar of Uskayaw.
  2117 | D:3      | Noticed Ijyb
  2129 | D:3      | Blown up by Ijyb

Illustrated notes

Levels and vault maps discovered:
D:1:      saegor_arrival_miasma, layout_basic, st_stairs_10,
          supply_closet_lemuel
D:2:      layout_loops_ring, basic_altar
D:3:      minmay_evil_eye, layout_basic, hellmonk_ecumenical_altar_zigzags,
          minmay_puff, uniq_ijyb

Skill      XL: |  1  2  3 |
---------------+----------+-----
Shields        | 3 |  3.0
Fighting       | |  3.6
Axes           | |  2.8
Armour         | |  2.6
Dodging        | |  0.2

Action                   || total
-------------------------++-------
Melee: War axe           ||   126
       Tailslap          ||    16
  Use: Potion            ||     1
Armor: Scale mail        ||    61
Dodge: Dodged            ||    49
Block: Buckler           ||    29

Table legend: (Time is in decaauts)
 A = Elapsed time spent in this place.
 B = Non-inter-level travel time spent in this place.
 C = Inter-level travel time spent in this place.
 D = Time resting spent in this place.
 E = Time spent auto-exploring this place.
 F = Levels seen in this place.
 G = Mean time per level.
                   A        B        C        D        E       F      G
               +--------+--------+--------+--------+--------+-----+--------+
         Total |   2180 |   2130 |     50 |      0 |   1746 |   3 |  726.7 |
       Dungeon |   2180 |   2130 |     50 |      0 |   1746 |   3 |  726.7 |
               +--------+--------+--------+--------+--------+-----+--------+

Top non-repeatable levels by time:
     D:1: 1280 daAuts
     D:2: 657 daAuts
     D:3: 243 daAuts
